AoeStats
← La Wacha Piola

Arabia

509824864Analyzed
3v3 RM · 3d ago on Sep 28, 2026· 67m 28s· 6 players
Game mode
Random Map
Map size
Normal (6 player)
Population
200
Speed
Normal
Resources
Standard
Victory
Conquest
Starting age
Dark Age
Ending age
Imperial Age
RankedLock teamsTeams togetherTeam positionsShared explorationLock speedFull tech treeHidden civsTurbo modeCheats
Victory
Defeat
🇺🇸 Aztecs · United States
867
+20
🇦🇷 Burmese · Argentina
855
+20
🇦🇷 Magyars · Argentina
846
+20
🇹🇼 Varangians · Taiwan
973
-21
🇹🇼 Danes · Taiwan
956
-20
🇹🇼 Goths · Taiwan
921
-19
Teblu
9:05 Loom
11:10 Feudal Age
19:41 Fletching
19:52 Padded Archer Armor
20:20 Double-Bit Axe
20:21 Horse Collar
22:11 Forging
23:36 Wheelbarrow
29:47 Castle Age
30:53 Bow Saw
30:46 Heavy Plow
30:09 Crossbowman
30:48 Bodkin Arrow
31:08 Leather Archer Armor
31:32 Guard Tower
32:12 Ballistics
46:40 Hand Cart
51:32 Imperial Age
49:50 Murder Holes
52:13 Bracer
53:17 Chemistry
51:47 Arbalester
53:33 Capped Ram
54:24 Siege Ram
59:24 Caravan
67:15 Elite Jaguar Warrior
68:17 Conscription
68:24 Garland Wars
COCO CARP
0:59 Loom
11:34 Feudal Age
18:27 Castle Age
28:58 Pikeman
29:39 Squires
36:55 Wheelbarrow
36:05 Town Watch
41:37 Imperial Age
39:42 Horse Collar
41:11 Hand Cart
40:56 Town Patrol
43:32 Chemistry
42:53 Ballistics
48:32 Elite Arambai
53:00 Halberdier
54:43 Arson
La Wacha Piola
9:29 Loom
11:53 Feudal Age
12:39 Double-Bit Axe
23:24 Castle Age
21:40 Gold Mining
24:15 Bow Saw
25:07 Fletching
25:18 Padded Archer Armor
26:27 Bodkin Arrow
27:29 Husbandry
28:54 Ballistics
30:05 Bloodlines
35:11 Leather Archer Armor
41:16 Imperial Age
41:51 Corvinian Army
42:53 Elite Magyar Huszar
44:37 Scale Barding Armor
50:10 Chain Barding Armor
shulin60111
7:41 Loom
10:13 Feudal Age
15:33 Castle Age
14:09 Double-Bit Axe
14:16 Horse Collar
23:52 Bow Saw
26:35 Wheelbarrow
27:50 Hand Cart
30:01 Scale Mail Armor
31:42 Squires
31:27 Arson
31:29 Gambesons
31:32 Town Watch
33:24 Chain Mail Armor
33:20 Forging
39:42 Imperial Age
39:45 Capped Ram
42:11 Plate Mail Armor
42:18 Iron Casting
42:52 Siege Ram
46:25 Elite Varangian Guard
47:12 Elite Jomsviking
48:28 Thumb Ring
47:43 Elite Skirmisher
48:10 Elite Skirmisher
50:56 Fletching
51:07 Padded Archer Armor
61:42 Hamask
63:50 Chemistry
63:11 Ballistics
63:02 Masonry
63:57 Blast Furnace
62:53 Bodkin Arrow
63:13 Leather Archer Armor
fugo53419
7:40 Loom
10:54 Feudal Age
12:02 Horse Collar
12:19 Double-Bit Axe
15:32 Horse Collar
21:32 Castle Age
20:31 Gold Mining
21:38 Scale Barding Armor
27:27 Bloodlines
27:12 Pikeman
29:42 Forging
30:49 Husbandry
37:05 Chain Barding Armor
37:32 Vendel Legacy
40:05 Wheelbarrow
39:47 Fletching
40:56 Bow Saw
40:53 Heavy Plow
42:25 Elite Skirmisher
48:43 Imperial Age
49:38 Squires
50:03 Man-at-Arms
50:14 Cavalier
s99241040
0:45 Loom
10:30 Feudal Age
10:52 Man-at-Arms
13:27 Forging
22:54 Castle Age
26:56 Double-Bit Axe
49:13 Light Cavalry
49:54 Husbandry
59:51 Fletching
64:08 Imperial Age
63:02 Ballistics
66:58 Heavy Scorpion
Connection lost

Rejoining the realm…

Still unreachable

The connection could not be restored.

Session expired

The server has moved on; the page needs a fresh start.